 Dungeon Crawl Stone Soup version 0.21.1-1-g345015f (webtiles) character file.

23 tidbits the Insei (level 2, 3/23 HPs)
             Began as a Gnoll Transmuter on Feb 14, 2018.
             Quit the game on level 2 of the Dungeon.
             The game lasted 00:02:10 (224 turns).

tidbits the Insei (Gnoll Transmuter)                 Turns: 224, Time: 00:02:11

Health: 3/23       AC:  2    Str: 12    XL:     2   Next: 95%
Magic:  4/7        EV: 14    Int: 15    God:
Gold:   9          SH:  0    Dex: 15    Spells: 7/10 levels left

rFire    . . .     SeeInvis .     - Unarmed
rCold    . . .     Gourm    .   (no shield)
rNeg     . . .     Faith    .   b - +0 robe
rPois    .         Spirit   .   (no helmet)
rElec    .         Reflect  .   (no cloak)
rCorr    .         Harm     .   (no gloves)
MR       .....                  (no boots)
Stlth    ++........             (no amulet)
HPRegen  0.07/turn              (no ring)
MPRegen  0.10/turn              (no ring)

@: appendage
A: distributed training, fangs 1, horns 2, strong nose
a: End Transformation


You were on level 2 of the Dungeon.
You were not hungry.
You had grown temporary horns.
You visited 1 branch of the dungeon, and saw 3 of its levels.

You collected 9 gold pieces.

Inventory:

Hand Weapons
 h - a +1 whip of freezing
   (You found it on level 3 of the Dungeon)
 i - a +0 dagger
Missiles
 a - 32 arrows
Armour
 b - a +0 robe (worn)
Scrolls
 f - a scroll of enchant weapon {unknown}
 g - a scroll of teleportation {unknown}
Potions
 e - 2 potions of agility {unknown}
Books
 c - a book of Changes

   Spells                             Type                      Level
   a - Beastly Appendage              Transmutation                1
   b - Sticks to Snakes               Transmutation                2
   c - Spider Form                    Transmutation/Poison         3
   d - Ice Form                       Ice/Transmutation            4
   e - Blade Hands                    Transmutation                5
Comestibles
 d - 3 rations


   Skills:
 + Level 2.5 Fighting
 + Level 0.5 Short Blades
 + Level 0.5 Long Blades
 + Level 0.5 Axes
 + Level 0.5 Maces & Flails
 + Level 0.5 Polearms
 + Level 0.5 Staves
 + Level 0.5 Slings
 + Level 0.5 Bows
 + Level 0.5 Crossbows
 + Level 0.5 Throwing
 + Level 0.5 Armour
 + Level 4.5 Dodging
 + Level 0.5 Stealth
 + Level 0.5 Shields
 + Level 6.5 Unarmed Combat
 + Level 4.9 Spellcasting
 + Level 0.4 Conjurations
 + Level 0.4 Hexes
 + Level 0.4 Charms
 + Level 0.4 Summonings
 + Level 0.4 Necromancy
 + Level 0.4 Translocations
 + Level 3.7 Transmutations
 + Level 0.4 Fire Magic
 + Level 0.4 Ice Magic
 + Level 0.4 Air Magic
 + Level 0.4 Earth Magic
 + Level 0.4 Poison Magic
 + Level 0.7 Invocations
 + Level 0.5 Evocations


You had 7 spell levels left.
You knew the following spells:

 Your Spells              Type           Power        Failure   Level  Hunger
e - Beastly Appendage     Tmut           ##....       3%          1    None
k - Sticks to Snakes      Tmut           ##......     5%          2    ##.....


Dungeon Overview and Level Annotations

Branches:
Dungeon (3/15)

Altars:

Annotations:
D:3 Ijyb


Innate Abilities, Weirdness & Mutations

Your experience applies equally to all skills.
You have very sharp teeth.
Your uncanny sense of smell can sniff out nearby items.
You have a pair of horns on your head.


Message History

Your +0 robe unmelds from your body.
Found 30 stones.
Okay, then.
You enter a teleport trap!
The teleport trap disappears.
Your surroundings suddenly seem different.
A bat and a kobold come into view.
Found 2 blue potions, a leather armour, 17 sling bullets and 14 arrows.
Casting: Beastly Appendage
Confirm with . or Enter, or press ? or * to list all spells.
You grow a pair of large bovine horns.
The kobold throws a stone.
The stone closely misses you.
You feel a little less clever now. The bat misses you.
The bat barely misses you.
Found a stone staircase leading up.
Casting: Beastly Appendage
Confirm with . or Enter, or press ? or * to list all spells.
You create a snake!
You now have 11 arrows.
The bat closely misses you.
The kobold throws a stone.
The stone hits you.
* * * LOW HITPOINT WARNING * * *
The bat hits you but does no damage.
Found 7 gold pieces.
You hit the bat.
You kill the bat!
The kobold throws a stone.
The stone closely misses you.
The kobold closely misses your ball python.
Your ball python bites the kobold but does no damage.
Your ball python grabs the kobold.
Your ball python constricts the kobold.
The kobold struggles to escape constriction.
Your ball python bites the kobold.
Your ball python constricts the kobold.
The kobold dies!
Found 22 arrows and a murky purple potion.
You see here 2 blue potions.
e - 2 blue potions
Found a stone staircase leading up.
Found 14 gold pieces.
You see here 22 arrows.
a - 33 arrows (gained 22)
There is a stone staircase leading up here.
You climb upwards.
Your summoned ally is left behind.
A goblin and a hobgoblin come into view.
The goblin is wielding a dagger of speed.
The hobgoblin shouts!
The hobgoblin misses you.
Found 9 gold pieces, a scroll labeled MOTUEG YRYN and a ring mail.
Found an escape hatch in the ceiling.
There is a stone staircase leading down here.
You barely miss the hobgoblin.
The goblin shouts!
You hit the hobgoblin.
The hobgoblin is moderately wounded.
The hobgoblin barely misses you.
You hit the hobgoblin.
The hobgoblin is almost dead.
The goblin hits you with a dagger of speed.
* * * LOW HITPOINT WARNING * * *
The hobgoblin misses you.
You hit the hobgoblin.
You kill the hobgoblin!
The goblin hits you with a dagger of speed.
* * * LOW HITPOINT WARNING * * *
You closely miss the goblin. The goblin hits you but does no damage.
You punch the goblin!
You kill the goblin!
Things that are here:
a dagger of speed; a goblin corpse
Things that are here:
a club; a hobgoblin corpse You see here 9 gold pieces.
You now have 9 gold pieces.
You see here a scroll labeled MOTUEG YRYN.
f - a scroll labeled MOTUEG YRYN A worm comes into view.
Found a runed dagger.
A goblin comes into view. It is wielding a club.
Your transformation is almost over.
Found 17 stones.
Casting: Sticks to Snakes
Confirm with . or Enter, or press ? or * to list all spells.
You extend your transformation's duration.
A giant cockroach comes into view.
The giant cockroach moves out of view.
Found a scroll labeled ARPHUO WOOGUL.
A rat and a quokka come into view.
The quokka twitches its whiskers.
The quokka twitches its whiskers.
You see here a scroll labeled ARPHUO WOOGUL.
g - a scroll labeled ARPHUO WOOGUL The quokka misses you.
Casting: Beastly Appendage
Confirm with . or Enter, or press ? or * to list all spells.
You create a snake!
You now have 32 arrows.
The giant cockroach bites you but does no damage.
The quokka barely misses you. The giant cockroach bites you.
* * * LOW HITPOINT WARNING * * *
The quokka barely misses you.
Your ball python barely misses the giant cockroach.
Your ball python closely misses the giant cockroach.
The rat completely misses you.
Are you sure you want to abandon this character and quit the game? (Confirm with "yes".)

####### ## #.....# .#
##########.....#
.#####.......##.....#
.........# #.##rr...#
.........###.##g@...##
.............w..s.......
.....[...###.##.S...####
)......#####.##.....#
>...........g.........
.###########.##..)..###
.# #.##.....# .#
#(##.....# ## #.# ######


You could see a worm, a quokka, a giant cockroach, a goblin, a rat and a
friendly ball python.

Vanquished Creatures
  An adder (D:2)
  A worm (D:2)
  A dart slug (D:3)
  2 giant cockroaches (D:2)
  A goblin (D:2)
  A hobgoblin (D:2)
  2 bats
9 creatures vanquished.

Vanquished Creatures (collateral kills)
  A kobold (D:3)
1 creature vanquished.

Grand Total: 10 creatures vanquished

Notes
Turn   | Place    | Note
-------+----------+-------------------------------------------
     0 | D:1      | tidbits the Gnoll Transmuter began the quest for the Orb.
     0 | D:1      | Reached XP level 1. HP: 17/17 MP: 6/6
    74 | D:2      | Reached XP level 2. HP: 8/23 MP: 5/7
    78 | D:2      | Learned a level 2 spell: Sticks to Snakes
   112 | D:3      | Noticed Ijyb
   224 | D:2      | Quit the game

Action                   || total
-------------------------++-------
Melee: Unarmed           ||    23
       Kick              ||     9
       Bite              ||     4
       Punch             ||     1
 Cast: Beastly Appendage ||     6
       Sticks to Snakes  ||     2
  Use: Scroll            ||     2
       Potion            ||     1
Armor: Robe              ||     8
Dodge: Dodged            ||    21

Table legend:
 A = Turns spent in this place as a percentage of turns spent in the entire game.
 B = Non-inter-level travel turns spent in this place as a percentage of non-inter-level travel turns spent in the entire game.
 C = Inter-level travel turns spent in this place as a percentage of turns spent in this place.
 D = Turns resting spent in this place as a percentage of non-inter-level travel turns spent in this place.
 E = Turns spent auto-exploring this place as a percentage of non-inter-level travel turns spent in this place.
 F = Non-inter-level travel turns spent in this place divided by the number of levels of this place that you've seen.
                   A       B       C       D       E      F
               +-------+-------+-------+-------+-------+----------------------
         Total | 100.0 | 100.0 |   0.0 |   0.0 |   0.0 |  74.7
       Dungeon | 100.0 | 100.0 |   0.0 |   0.0 |   0.0 |  74.7
               +-------+-------+-------+-------+-------+----------------------

Table legend:
 A = Kills in this place as a percentage of kills in entire the game.
 B = Kills by you in this place as a percentage of kills by you in the entire game.
 C = Kills by friends in this place as a percentage of kills by friends in the entire game.
 D = Other kills in this place as a percentage of other kills in the entire game.
 E = Experience gained in this place as a percentage of experience gained in the entire game.
 F = Experience gained in this place divided by the number of levels of this place that you have seen.
                   A       B       C       D       E      F
               +-------+-------+-------+-------+-------+----------------------
         Total | 100.0 | 100.0 | 100.0 |   N/A | 100.0 |  11.0
       Dungeon | 100.0 | 100.0 | 100.0 |   N/A | 100.0 |  11.0
               +-------+-------+-------+-------+-------+----------------------

Vault maps used:
D:1:      dpeg_arrival_simpleton_b, minmay_unequal
D:3:      chequers_ecumenical_altar_grove, minivault_14, uniq_terence, uniq_ijyb
